 Dungeon Crawl Stone Soup version 0.27.1 (webtiles) character file.

Game seed: 7869109897518617877

258 nxtlvl the Poker (level 6, 24/62 HPs)
             Began as an Ogre Abyssal Knight on Aug 30, 2021.
             Was a Priest of Lugonu.
             Quit the game on level 3 of the Dungeon.
             The game lasted 00:09:04 (1030 turns).

nxtlvl the Poker (Ogre Abyssal Knight)              Turns: 1030, Time: 00:09:04

Health: 24/62      AC:  3    Str: 18    XL:     6   Next: 16%
Magic:  7/7        EV: 11    Int: 13    God:    Lugonu [***...]
Gold:   54         SH:  7    Dex: 15    Spells: 5/5 levels left

rFire    . . .     SeeInvis .   a - +1 spear
rCold    . . .     Faith    .   g - +0 kite shield
rNeg     . . .     Spirit   +   b - +0 robe
rPois    .         Reflect  .   (helmet restricted)
rElec    .         Harm     .   (no cloak)
rCorr    .         Rampage  .   (gloves unavailable)
Will     .....                  (boots unavailable)
Stlth    +.........             d - amulet of guardian spirit
HPRegen  0.20/turn              e - +4 ring of evasion
MPRegen  0.10/turn              p - +6 ring of dexterity

@: no status effects
A: large, unfitting armour, tough skin 1
a: Renounce Religion, Depart the Abyss, Bend Space, Banish


You were on level 3 of the Dungeon.
You worshipped Lugonu.
Lugonu was most pleased with you.
You visited 1 branch of the dungeon, and saw 4 of its levels.
You visited the Abyss 1 time.
You also visited: Sewer.

You collected 54 gold pieces.

Inventory:

Hand Weapons
 a - a +1 spear (weapon)
 k - the +10 whip of Cobwebs {drain, *Slow rPois Will+ Str+4}
   (You found it on level 4 of the Dungeon)

   A truly terrible weapon, it drains the life of any living foe it strikes.
   Str:       It affects your strength (+4).
   rPois:     It protects you from poison.
   *Slow:     It may slow you when you take damage.
   Will:      It increases your willpower.
Missiles
 o - 22 sling bullets
 u - 3 poisoned darts
Armour
 b - a +0 robe (worn)
 g - a +0 kite shield (worn)
Jewellery
 d - an amulet of guardian spirit (around neck)
 e - a +4 ring of evasion (left hand)
 p - a +6 ring of dexterity (right hand)
Scrolls
 c - a scroll of amnesia {unknown}
 f - 4 scrolls of identify {unknown}
 j - a scroll of torment {unknown}
 n - 2 scrolls of fear {unknown}
 q - a scroll of summoning {unknown}
 s - a scroll of fog {unknown}
Potions
 h - 5 potions of haste {unknown}
 i - a potion of curing
 l - a potion of attraction {unknown}
 m - a potion of lignification {unknown}
 r - a potion of magic {unknown}
 t - a potion of resistance {unknown}
 v - 2 potions of heal wounds {unknown}
 w - a potion of might
 x - a potion of mutation {unknown}


   Skills:
 - Level 4.0 Fighting
 * Level 6.3 Polearms
 - Level 2.1 Dodging
 - Level 2.0 Invocations


You had 5 spell levels left.
You didn't know any spells.
Your spell library contained the following spells:

 Spells                   Type           Power      Damage    Failure   Level
 Foxfire                  Conj/Fire      0%         2x1d4     91%         1
 Conjure Flame            Conj/Fire      0%         6-21      100%        3
 Inner Flame              Hex/Fire       0%         N/A       100%        3


Dungeon Overview and Level Annotations

Branches:
Dungeon (4/15)             Temple (0/1) D:4           Sewer (visited)

Altars:
Cheibriados
Dithmenos
Kikubaaqudgha
Nemelex Xobeh
Xom
The Shining One

Shops:
D:3 (


Innate Abilities, Weirdness & Mutations

You are too large for most types of armour.
You have tough skin. (AC +1)


Message History

The kobold barely misses you. The kobold closely misses you.
You hit the kobold.
You kill the kobold!
Lugonu accepts your kill.
The kobold hits you with a +0 short sword.
* * * LOW HITPOINT WARNING * * *
You puncture the kobold!
You kill the kobold!
Lugonu accepts your kill.
Items here: ( )) †.
Things that are here:
a +0 club; 5 stones; a kobold corpse You see here a +0 whip.
Things that are here:
a +0 club; 5 stones; a kobold corpse
w - a potion of might
x - a cyan potion
Things that are here:
a +0 club; 5 stones; a kobold corpse You see here a +0 whip.
There is an open door here.
Magic restored.
There is a gate leading back out of this place here.
Welcome back to the Dungeon!
There is a collapsed entrance here.
You swing at nothing.
You swing at nothing.
You swing at nothing.
You swing at nothing.
You swing at nothing.
You swing at nothing.
You swing at nothing.
You swing at nothing.
You swing at nothing.
You swing at nothing.
Saving game... please wait.
Welcome back, nxtlvl the Ogre Abyssal Knight.
Lugonu says: Spread carnage and corruption!
Press ? for a list of commands and other information.
Are you sure you want to abandon this character and quit the game? (Confirm with "yes".)

######### ##.......#
#..(.....# #.##'##..#
#.#≈≈≈#..########
#.#≈≈≈#.........#
#.#≈@≈#.........###
#.#≈≈≈#.........+.#
#.#≈≈≈#.........#.#
#.#####.........#.#
#.......#...#+#...###
..+.....+.....§§.....
#.##.....#....≈§≈§≈.≈≈
.. ..........§≈§.§....
###.###....§§.≈.≈≈≈.


There were no monsters in sight!

Vanquished Creatures
  A kobold brigand (Sewer)
  Jessica (D:2)
  A hound skeleton (D:4)
  5 adders
  5 river rats (Sewer)
  An orc (D:3)
  A bat (D:1)
  2 endoplasms
  4 giant cockroaches (D:3)
  2 goblins
  2 hobgoblins
  16 kobolds
  A quokka (D:3)
  4 ball pythons
  2 frilled lizards
  19 rats (Sewer)
67 creatures vanquished.

Notes
Turn   | Place    | Note
-------+----------+-------------------------------------------
     0 | Abyss:1  | nxtlvl the Ogre Abyssal Knight began the quest for the Orb.
     0 | Abyss:1  | Reached XP level 1. HP: 24/24 MP: 2/2
    19 | D:1      | Escaped the Abyss
    73 | D:3      | Found Faaqolis's Antique Weapon Boutique.
    99 | D:2      | Noticed Jessica
   105 | D:3      | Reached XP level 2. HP: 21/32 MP: 3/3
   117 | D:2      | Killed Jessica
   118 | D:2      | Reached skill level 3 in Polearms
   118 | D:2      | Reached XP level 3. HP: 14/39 MP: 2/4
   175 | D:3      | Found a glowing golden altar of the Shining One.
   182 | D:3      | Found a glowing drain.
   215 | D:3      | Found a sparkling altar of Nemelex Xobeh.
   216 | D:3      | Found a shimmering altar of Xom.
   234 | D:3      | Found an ancient bone altar of Kikubaaqudgha.
   238 | D:4      | Found a staircase to the Ecumenical Temple.
   267 | D:4      | Reached skill level 4 in Polearms
   274 | D:4      | Identified the +10 whip of Cobwebs {drain, *Slow rPois
                  | Will+ Str+4}
   323 | D:3      | Found a snail-covered altar of Cheibriados.
   326 | D:3      | Found a shadowy altar of Dithmenos.
   389 | D:3      | Found a faded altar of an unknown god.
   512 | D:3      | Reached ** piety under Lugonu
   513 | D:3      | Reached XP level 4. HP: 47/48 MP: 3/5
   541 | Sewer    | Entered a sewer
   739 | Sewer    | Reached skill level 5 in Polearms
   739 | Sewer    | Reached XP level 5. HP: 30/54 MP: 4/6
   773 | Sewer    | Noticed a kobold brigand
   793 | Sewer    | HP: 1/54 [kobold brigand (3)]
   803 | Sewer    | Killed a kobold brigand
   804 | Sewer    | Reached skill level 6 in Polearms
   804 | Sewer    | Reached XP level 6. HP: 14/62 MP: 3/7
   882 | Sewer    | HP: 3/62 [kobold (2)]
   890 | Sewer    | HP: 3/62 [kobold (1)]
   891 | Sewer    | Reached *** piety under Lugonu
  1030 | D:3      | Quit the game

Illustrated notes

Levels and vault maps discovered:
D:1:      psy_arrival_dodecagon, layout_basic, minivault_14,
          corexii_corridor_pit
D:2:      layout_rooms, uniq_jessica
D:3:      layout_basic, mainiacjoe_overflow_concentric_impassable,
          grunt_gozag_breadcrumbs, grunt_temple_overflow_open,
          hellmonk_ecumenical_altar_lost_god, gup_sewer_entry_glass,
          serial_shops, shop, minivault_4, minivault_26, minmay_misc_feat_doors
D:4:      layout_basic, minmay_temple_entry_stoned_glass, minmay_crossroads,
          uniq_menkaure

Skill      XL: |  1  2  3  4  5 |
---------------+----------------+-----
Polearms       | 3 4 5 6 |  6.3
Fighting       | |  4.0
Dodging        | |  2.1
Invocations    | |  2.0

Action                   |  1- 3 |  4- 6 || total
-------------------------+-------+-------++-------
Melee: Spear             |    64 |   184 ||   248
  Use: Potion            |     1 |     3 ||     4
 Stab: Sleeping          |       |     2 ||     2
Armor: Robe              |    10 |    41 ||    51
Dodge: Dodged            |    31 |    77 ||   108
Block: Kite shield       |     7 |    54 ||    61
